cohdb
Replays
Latest Replays
All Replays
Popular Replays
Top Player Replays
Match Explorer
How It Works
Community
CoH3 Stats
Reddit
Sign in to upload your games and track your stats! →
Sign in with Steam
Match 45361763
Unlisted
Match 45361763
Overview
Messages
Build Orders
End
Scout Squad
Construct Weapon Support Center
Selects Armored Battlegroup
Selects Armored Battlegroup
Selects Assault Engineers
M1919 Machine Gun Team
Assault Engineer Squad
Assault Engineer Squad
Assault Engineer Squad
Infantry Support Center
M3 Armored Personnel Carrier
Assault Engineer Squad
Construct Medical Station
Assault Engineer Squad
M3 Armored Personnel Carrier
Selects Strength in Steel
M1919 Machine Gun Team
M3 Armored Personnel Carrier
Selects Seek and Destroy
Assault Engineer Squad
M1919 Machine Gun Team
Construct Tank Depot
Selects UNKNOWN (2160077)
Selects M31 Recovery Vehicle
Selects War Machine
M4A3E8 Sherman Easy Eight
Assault Engineer Squad
M1919 Machine Gun Team
M4A3E8 Sherman Easy Eight
M1919 Machine Gun Team
Assault Engineer Squad
M4A3E8 Sherman Easy Eight
Bubbciss
Elite Unit
0
0
Comments
sign in to comment!
No comments posted yet!